 Dungeon Crawl Stone Soup version 0.22-a0-293-gc9362ec (webtiles) character file.

17794 kidcy the Severer (level 12, -3/113 HPs)
             Began as a Hill Orc Berserker on Mar 24, 2018.
             Was a High Priest of Trog.
             Shot with a bolt by a yaktaur (11 damage)
             ... on level 13 of the Dungeon.
             The game lasted 00:25:37 (13401 turns).

kidcy the Severer (Hill Orc Berserker)             Turns: 13401, Time: 00:25:38

Health: -3/113     AC: 16    Str: 25    XL:     12   Next: 51%
Magic:  12/12      EV:  8    Int:  7    God:    Trog [*****.]
Gold:   489        SH:  0    Dex: 15    Spells: 11/11 levels left

rFire    . . .     SeeInvis .   s - +0 war axe
rCold    . . .     Gourm    .   (no shield)
rNeg     . . .     Faith    .   y - +0 plate armour
rPois    +         Spirit   .   (no helmet)
rElec    .         Reflect  .   o - +0 cloak
rCorr    .         Harm     .   (no gloves)
MR       .....                  (no boots)
Stlth    ..........             f - amulet of regeneration (curse)
HPRegen  0.68/turn              j - ring of poison resistance
MPRegen  0.13/turn              k - +5 ring of dexterity

@: berserk cooldown, slowed, very slow
A: no striking features
a: Berserk, Trog's Hand, Brothers in Arms, Renounce Religion


You were on level 13 of the Dungeon.
You worshipped Trog.
Trog was extremely pleased with you.
You were hungry.

You visited 1 branch of the dungeon, and saw 13 of its levels.

You collected 710 gold pieces.
You spent 221 gold pieces at shops.

Inventory:

Hand Weapons
 a - a +1 hand axe
 s - a +0 war axe (weapon)
Armour
 o - a +0 cloak (worn)
 y - a +0 plate armour (worn)
Jewellery
 f - a cursed amulet of regeneration (around neck)
 j - a ring of poison resistance (left hand)
 k - a +5 ring of dexterity (right hand)
 w - an uncursed amulet of regeneration
 C - a +5 ring of strength
Wands
 v - a wand of enslavement (15)
 A - a wand of flame (22)
 B - a wand of paralysis (14)
 E - a wand of clouds (4)
 G - a wand of acid (11)
Scrolls
 b - 3 scrolls of magic mapping
 d - 7 scrolls of remove curse
 g - 3 scrolls of enchant armour
 l - a scroll of summoning {unknown}
 r - 2 scrolls of enchant weapon
 u - 6 scrolls of identify
 x - 6 scrolls of teleportation
Potions
 e - 4 potions of agility
 h - 2 potions of cancellation
 i - 2 potions of berserk rage
 m - 3 potions of brilliance
 n - 3 potions of lignification
 p - 6 potions of curing
 q - 2 potions of haste
 t - 2 potions of flight
 z - a potion of mutation
 D - 2 potions of might
Comestibles
 c - 16 rations


   Skills:
 + Level 12.4 Fighting
 * Level 17.4 Axes
 + Level 11.3 Armour
 - Level 1.9 Dodging


You had 11 spell levels left.
You didn't know any spells.

Dungeon Overview and Level Annotations

Branches:
Dungeon (13/15)            Temple (0/1) D:5            Lair (0/6) D:9
    Orc (0/2) D:9
 Vaults: D:13-14

Altars:
Ashenzari
Dithmenos
Kikubaaqudgha
Makhleb
Qazlal
Ru
Sif Muna
Trog
Uskayaw
Wu Jian
Xom

Shops:
D:5 [?%   D:8 }   D:9 =(   D:10 %   D:12 (*(


Message History

You feel a strong urge to attack something.
You start resting.
You feel your anger nearly subside.
You are no longer berserk.
Trog's vigour flows through your veins.
You are exhausted.
You feel yourself slow down.
You start resting.
A yaktaur comes into view.
A yaktaur is nearby!
The yaktaur wields an arbalest.
The yaktaur shoots a bolt.
The bolt hits you!!
* * * LOW HITPOINT WARNING * * *
You see here a bolt.
You hear the faint crackling of a melting archway nearby.
The yaktaur shoots a bolt.
The bolt hits you.
* * * LOW HITPOINT WARNING * * *
You hear a shout!
There is a stone staircase leading up here.
You see here a bolt.
The yaktaur shoots a bolt.
The bolt hits you!
You die...

## .
###.
...
#.#
#.##
#..#
#@.##
##..#
##(##
#..#
##.#
c# .#
.# .#


You could see a yaktaur.

Vanquished Creatures
  Erica (D:9)
  2 two-headed ogres
  2 unseen horrors
  Pikel (D:5)
  An ugly thing (D:11)
  Joseph (D:7)
  A freezing wraith (D:11)
  4 trolls
  A hornet (D:11)
  5 slime creatures
  2 hippogriffs
  A vampire (D:10)
  10 yaks
  A wyvern (D:10)
  Edmund (D:5)
  A water moccasin (D:11)
  A hornet zombie (D:10)
  A black bear (D:6)
  2 slaves (D:5)
  2 phantoms
  3 sky beasts
  4 ice beasts
  8 orc warriors
  A necrophage (D:8)
  5 ogres
  4 centaurs
  A crocodile (D:11)
  Blork the orc (D:6)
  9 bullfrogs
  4 scorpions
  4 wights (D:12)
  12 killer bees
  2 howler monkeys
  A centaur zombie (D:7)
  6 crimson imps
  2 bullfrog zombies
  3 centaur skeletons
  6 jellies
  8 orc priests
  A bullfrog skeleton (D:4)
  5 hounds
  19 orc wizards
  2 iguanas
  Terence (D:2)
  Natasha (thrice) (D:2)
  12 worker ants
  A hound zombie (D:6)
  A hound skeleton (D:4)
  A worker ant zombie (D:8)
  A howler monkey zombie (D:5)
  A howler monkey skeleton (D:4)
  12 adders
  A shadow imp (D:5)
  7 oozes
  2 adder zombies
  4 adder skeletons
  4 worms
  3 dart slugs
  7 leopard geckos
  63 orcs
  2 ball pythons
  10 giant cockroaches
  8 goblins
  7 hobgoblins
  18 jackals
  4 kobolds
  3 quokkas
  7 bats
  7 frilled lizards
  A leopard gecko zombie (D:5)
  3 quokka skeletons
  8 rats
  2 plants (D:12)
356 creatures vanquished.

Vanquished Creatures (collateral kills)
  Harold (D:11)
  A death knight (D:11)
  A skeletal warrior (D:11)
  2 cyclopes
  A slime creature (D:12)
  A wraith (D:11)
7 creatures vanquished.

Vanquished Creatures (others)
  Eustachio (D:5)
  A crimson imp (D:5)
2 creatures vanquished.

Grand Total: 365 creatures vanquished

Notes
Turn   | Place    | Note
-------+----------+-------------------------------------------
     0 | D:1      | kidcy the Hill Orc Berserker began the quest for the Orb.
     0 | D:1      | Reached XP level 1. HP: 19/19 MP: 1/1
   129 | D:1      | Reached XP level 2. HP: 24/27 MP: 2/2
   608 | D:1      | Reached XP level 3. HP: 33/33 MP: 3/3
   907 | D:2      | Reached ** piety under Trog
  1392 | D:2      | Reached skill level 5 in Axes
  1482 | D:2      | Noticed Natasha
  1490 | D:2      | Killed Natasha
  1490 | D:2      | Reached XP level 4. HP: 41/41 MP: 4/4
  1500 | D:2      | Found a sacrificial altar of Ru.
  1504 | D:2      | Found a stormy altar of Qazlal.
  1791 | D:2      | Noticed Natasha
  1803 | D:2      | Killed Natasha
  2084 | D:2      | Reached XP level 5. HP: 14/47 MP: 5/5
  2511 | D:2      | Found a bloodstained altar of Trog.
  2606 | D:2      | Found a shimmering altar of Xom.
  2607 | D:2      | Found a deep blue altar of Sif Muna.
  2822 | D:2      | Noticed Terence
  2833 | D:2      | Killed Terence
  2833 | D:2      | Reached skill level 6 in Axes
  2865 | D:2      | Noticed Natasha
  2876 | D:2      | Killed Natasha
  3165 | D:2      | Found a burning altar of Makhleb.
  3166 | D:2      | Found an ornate altar of the Wu Jian Council.
  3553 | D:3      | Reached skill level 5 in Fighting
  3553 | D:3      | Reached XP level 6. HP: 56/56 MP: 6/6
  3678 | D:3      | Reached *** piety under Trog
  4088 | D:4      | Reached skill level 7 in Axes
  4485 | D:4      | Reached XP level 7. HP: 53/61 MP: 7/7
  4709 | D:4      | Reached skill level 8 in Axes
  5216 | D:4      | Reached **** piety under Trog
  5537 | D:5      | Entered Level 5 of the Dungeon
  5746 | D:5      | Reached skill level 5 in Armour
  5793 | D:5      | Found Taac's Magic Scroll Shop.
  5819 | D:5      | Reached XP level 8. HP: 58/70 MP: 8/8
  5821 | D:5      | Bought 2 scrolls of enchant weapon for 195 gold pieces
  5821 | D:5      | Bought a scroll of identify for 26 gold pieces
  5831 | D:5      | Found Kuerr's Armour Shoppe.
  5847 | D:5      | Reached skill level 9 in Axes
  6493 | D:5      | Noticed Pikel
  6493 | D:5      | Noticed Eustachio
  6494 | D:5      | Noticed Edmund
  6508 | D:5      | Killed Pikel
  6508 | D:5      | Reached skill level 10 in Axes
  6516 | D:5      | Killed Eustachio
  6516 | D:5      | Reached XP level 9. HP: 65/79 MP: 9/9
  6519 | D:5      | Killed Edmund
  6519 | D:5      | Reached skill level 11 in Axes
  6654 | D:5      | Found a staircase to the Ecumenical Temple.
  6701 | D:5      | Found Mepecatz's Food Emporium.
  7151 | D:6      | Noticed Blork the orc
  7167 | D:6      | Killed Blork the orc
  7588 | D:7      | Reached skill level 12 in Axes
  7700 | D:7      | Found a shadowy altar of Dithmenos.
  7711 | D:7      | Reached ***** piety under Trog
  7889 | D:7      | Noticed Joseph
  7902 | D:7      | Killed Joseph
  8261 | D:8      | Noticed a two-headed ogre
  8279 | D:8      | Killed a two-headed ogre
  8279 | D:8      | Reached skill level 13 in Axes
  8279 | D:8      | Reached XP level 10. HP: 45/91 MP: 10/10
  8533 | D:8      | Found an ancient bone altar of Kikubaaqudgha.
  8594 | D:8      | Found a hide-covered altar of Uskayaw.
  8724 | D:8      | Found Goufif's Gadget Emporium.
  8900 | D:8      | Reached skill level 14 in Axes
  9151 | D:9      | Found Viric's Weapon Shop.
  9153 | D:9      | Found a staircase to the Orcish Mines.
  9178 | D:9      | Reached skill level 10 in Fighting
  9223 | D:9      | Found a shattered altar of Ashenzari.
  9446 | D:9      | Found Unas's Jewellery Shoppe.
  9596 | D:9      | Reached XP level 11. HP: 96/101 MP: 11/11
  9654 | D:9      | Noticed Erica
  9668 | D:9      | Killed Erica
  9668 | D:9      | Reached skill level 15 in Axes
  9937 | D:9      | Found a staircase to the Lair.
 10049 | D:10     | Entered Level 10 of the Dungeon
 10108 | D:10     | Found a shimmering altar of Xom.
 10122 | D:10     | Received a gift from Trog
 10555 | D:10     | Noticed a two-headed ogre
 10563 | D:10     | Killed a two-headed ogre
 10563 | D:10     | Reached skill level 10 in Armour
 10658 | D:10     | Found Sykuoshi's Food Boutique.
 11292 | D:11     | Noticed Harold
 11292 | D:11     | Noticed a cyclops
 11304 | D:11     | Killed a cyclops
 11304 | D:11     | Reached skill level 16 in Axes
 11305 | D:11     | Killed Harold
 11556 | D:11     | Noticed a death knight
 11562 | D:11     | Noticed a skeletal warrior
 11584 | D:11     | Killed a death knight
 11588 | D:11     | Killed a skeletal warrior
 11761 | D:11     | Reached XP level 12. HP: 88/111 MP: 12/12
 12052 | D:11     | Reached skill level 17 in Axes
 12321 | D:12     | Found Woybrunai's Weapon Boutique.
 12963 | D:12     | Found Jegge's Antique Weapon Shoppe.
 13032 | D:12     | Found Enus's Assorted Antiques.
 13401 | D:13     | Shot with a bolt by a yaktaur

Vault maps used:
D:1:      ncdulo_wetmaze, serial_park_tiny_1
D:2:      minitemple, nicolae_overflow_hidden_temple, uniq_terence, uniq_natasha
D:3:      kennysheep_the_goblin_king
D:4:      minmay_mini_jars
D:5:      temple_statues, serial_shops, shop,
          nicolae_shop_competitors_out_of_business, shop, first_ration,
          uniq_pikel, uniq_eustachio, uniq_edmund
D:6:      uniq_blork_the_orc
D:7:      nicolae_dithmenos_the_darkroom, uniq_joseph
D:8:      kennysheep_mini_moat, eat_drink_and_be_merry_uskayaw, serial_shops,
          shop, hangedman_little_slice_of_home
D:9:      old_standard_altar, orc_david_3, serial_shops, kennysheep_mini,
          uniq_erica
D:10:     basic_altar, serial_shops, shop
D:11:     uniq_harold
D:12:     serial_shops, shop, nicolae_shop_temple_entry_statues_fountains,
          nicolae_shop_overgrown_old_shop
D:13:     david_vaults_2, portal_ice_cave_entry_animals_and_master,
          minmay_unpleasant_kobolds

Skill      XL: |  1  2  3  4  5  6  7  8  9 10 11 12 |
---------------+-------------------------------------+-----
Fighting       | 4 5 6 7 9 10 11 12 | 12.4
Axes           | 5 6 7 8 10 13 14 16 17 | 17.4
Armour         | 3 4 5 6 8 9 10 11 | 11.3
Dodging        | |  1.9

Action                   |  1- 3 |  4- 6 |  7- 9 | 10-12 || total
-------------------------+-------+-------+-------+-------++-------
Melee: Hand axe          |   114 |   194 |   239 |       ||   547
       War axe           |       |       |   139 |   684 ||   823
Invok: Berserk           |     3 |     4 |     4 |     7 ||    18
       Trog's Hand       |       |     1 |     2 |     4 ||     7
       Brothers in Arms  |       |       |       |     4 ||     4
Evoke: Wand              |       |       |     1 |       ||     1
  Use: Scroll            |       |     6 |     3 |    11 ||    20
       Potion            |       |       |     1 |     6 ||     7
 Stab: Sleeping          |       |     1 |       |       ||     1
       Distracted        |       |       |     1 |       ||     1
  Eat: Ration            |     1 |     2 |     1 |     3 ||     7
       Chunk             |       |     8 |    12 |    17 ||    37
Armor: Animal skin       |    19 |    20 |    45 |       ||    84
       Chain mail        |       |       |    59 |     6 ||    65
       Plate armour      |       |       |       |   430 ||   430
Dodge: Dodged            |    67 |    92 |   171 |   220 ||   550

Table legend:
 A = Spawn XP
 B = Non-spawn XP
 C = Spawn XP percentage of total XP
 D = Spawn monster count
 E = Non-spawn monster count
 F = Spawn count percentage of total count
 G = Total turns spent on level
                    A         B        C        D         E        F      G
               +---------+---------+-------+---------+---------+-------+---------
         Total |       0 |   25421 |   0.0 |       0 |     360 |   0.0 | 13401
               +---------+---------+-------+---------+---------+-------+---------
           D:1 |       0 |      40 |   0.0 |       0 |      23 |   0.0 |  1138
           D:2 |       0 |     241 |   0.0 |       0 |      34 |   0.0 |  2251
           D:3 |       0 |     166 |   0.0 |       0 |      24 |   0.0 |   697
           D:4 |       0 |     509 |   0.0 |       0 |      36 |   0.0 |  1451
           D:5 |       0 |    1815 |   0.0 |       0 |      42 |   0.0 |  1553
           D:6 |       0 |     609 |   0.0 |       0 |       9 |   0.0 |   483
           D:7 |       0 |    1078 |   0.0 |       0 |      21 |   0.0 |   660
           D:8 |       0 |    3124 |   0.0 |       0 |      46 |   0.0 |   898
           D:9 |       0 |    3576 |   0.0 |       0 |      25 |   0.0 |   918
          D:10 |       0 |    3202 |   0.0 |       0 |      29 |   0.0 |  1106
          D:11 |       0 |    6363 |   0.0 |       0 |      35 |   0.0 |  1166
          D:12 |       0 |    3656 |   0.0 |       0 |      33 |   0.0 |  1031
          D:13 |       0 |    1042 |   0.0 |       0 |       3 |   0.0 |    49
               +---------+---------+-------+---------+---------+-------+---------
